 Dungeon Crawl Stone Soup version 0.30.0-19-g36f170ea60 (webtiles) character file.

Game seed: 17463098364848879061

1043 Graphine the Gusty (level 8, -1/56 HPs)
             Began as a White Draconian Air Elementalist on May 28, 2023.
             Killed from afar by a wretched star (19 damage)
             ... with a lance of force
             ... on level 3 of the Abyss.
             The game lasted 00:15:13 (5232 turns).

Graphine the Gusty (DrAE)                           Turns: 5232, Time: 00:15:15

Health: -1/56      AC: 13    Str: 11    XL:     8   Next: 4%
Magic:  10/13      EV: 12    Int: 22    God:
Gold:   288        SH:  0    Dex: 11    Spells: 4/14 levels left

rFire   . . .        a - +3 flail (protect)
rCold   + . .        (no shield)
rNeg    . . .        (body armour unavailable)
rPois   .            (helmet restricted)
rElec   .            l - scarf {repulsion}
rCorr   .            (no gloves)
SInv    .            (no boots)
Will    .....        p - amulet of regeneration
Stlth   ++           b - +6 ring of intelligence
HPRegen 1.09/turn    f - ring of wizardry
MPRegen 0.13/turn

%: repel missiles, wizardry (x1)
@: lethally poisoned (-1 -> -4), under a protective aura
A: breathe frost, AC +6, unfitting armour, cold resistance 1, cold-blooded,
dopey 1, frail 1
a: Breathe Frost


You were on level 3 of the Abyss.
You visited 1 branch of the dungeon, and saw 5 of its levels.
You visited the Abyss 1 time.

You collected 288 gold pieces.

Inventory:

Hand Weapons
 a - a +3 flail of protection (weapon)
Missiles
 s - a curare-tipped dart (quivered)
Armour
 l - a scarf of repulsion (worn)
Magical Staves
 r - a staff of fire
Jewellery
 b - a +6 ring of intelligence (left hand)
 c - a +6 ring of intelligence
 f - a ring of wizardry (right hand)
 p - an amulet of regeneration (around neck)
Scrolls
 q - a scroll of fog
Potions
 d - 4 potions of lignification
 e - a potion of resistance {unknown}
 g - a potion of berserk rage
 h - 3 potions of curing
 i - a potion of attraction
 j - a potion of ambrosia
 k - a potion of haste {unknown}
 m - a potion of invisibility {unknown}
 n - 2 potions of might {unknown}
 o - a potion of brilliance {unknown}


   Skills:
 + Level 3.5 Fighting
 + Level 3.6 Dodging
 - Level 1.7 Stealth
 + Level 3.6 Spellcasting
 * Level 5.0 Conjurations
 * Level 5.8 Air Magic


You had 4 spell levels left.
You knew the following spells:

 Your Spells              Type           Power      Damage    Failure   Level
a - Shock                 Conj/Air       100%       1d9       1%          1
b - Static Discharge      Conj/Air       54%        2-5/arc   1%          2
c - Airstrike             Air            14%        2d(3-19)  4%          4
d - Swiftness             Air            29%        N/A       1%          3

Your spell library contained the following spells:

 Spells                   Type           Power      Damage    Failure   Level
 Ensorcelled Hibernation  Hex/Ice        6%         N/A       8%          2
 Passwall                 Tmut/Erth      2%         N/A       8%          2
 Inner Flame              Hex/Fire       3%         N/A       14%         3
 Portal Projectile        Hex/Tloc       6%         N/A       14%         3
 Spider Form              Tmut/Pois      3%         N/A       14%         3
 Tukima's Dance           Hex            3%         N/A       14%         3
 Flame Wave               Conj/Fire      15%        2d7       16%         4
 Sticky Flame             Conj/Fire      15%        2d4       16%         4
 Fireball                 Conj/Fire      7%         3d5       41%         5
 Blade Hands              Tmut           1%         N/A       75%         5


Dungeon Overview and Level Annotations

Branches:
Dungeon (5/15)
 Temple: D:4-7

Altars:

Shops:
D:3 (


Innate Abilities, Weirdness & Mutations

You can breathe waves of freezing cold which knock back foes.
Your icy white scales are hard. (AC +6)
You cannot fit into any form of body armour.
Your flesh is cold resistant. (rC+)
You are cold-blooded and may be slowed by cold attacks.
You are dopey. (Int -2)
You are frail. (-10% HP)


Message History

Moving in this stuff is going to be slow.
A thrashing horror and a green death come into view.
Found 17 gold pieces and a scroll labelled NITWOA XULUO.
The thrashing horror roars!
The green death roars!
Why would you want to do that?
There is an open door here.
The thrashing horror tramples you!
You hold your ground!
The thrashing horror misses you.
There's a creature in the doorway!
The thrashing horror attacks as you move away!
The thrashing horror closely misses you.
The thrashing horror tramples you but does no damage.
The green death gestures at you. The thrashing horror tramples you!
You stumble backwards!
The thrashing horror barely misses you. x2
A white draconian comes into view. It is wielding a +0 hand axe.
The thrashing horror closely misses you.
The thrashing horror tramples you but does no damage.
A wretched star comes into view.
The green death gestures at you. The thrashing horror tramples you!
You hold your ground!
The thrashing horror closely misses you.
You hit the wretched star.
Your weapon exudes an aura of protection.
The wretched star is lightly damaged.
You are engulfed in poison gas.
You are poisoned.
You feel very sick.
The thrashing horror tramples you but does no damage.
The thrashing horror barely misses you.
The thrashing horror closely misses you.
The thrashing horror misses you.
A golden eye comes into view.
The thrashing horror attacks as you move away!
The thrashing horror tramples you.
The thrashing horror tramples you but does no damage.
You feel very sick.
The thrashing horror tramples you but does no damage. x2
The wretched star glows turbulently.
The lance of force hits you!!
You die...

.###. #.# d... ...##
###..##....#....#
......#..##..#.
..#..#....#...##
####...#.......#.
#.#..#....###...###
#.#.*○☼○○#...#..#...#
#...@X○°.°...#... #.#
......#.○°##°○....#.#..#
#......#.#..°.##.#.#..#
.##########2###. ##..#.
# ### ##~#### .# ..
#.≈.### # ... ##G##
#..### #○ ## # .. 2≈.
##. #...


You could see a green death, a wretched star and a thrashing horror.

Vanquished Creatures
  Eustachio (D:5)
  Edmund (D:4)
  A black bear (D:4)
  An ogre (D:5)
  A phantom (D:4)
  3 hounds
  5 jellies (D:5)
  3 sleepcaps (D:5)
  3 iguanas (D:5)
  A gnoll (D:5)
  4 adders
  An ufetubus (D:4)
  A worm (D:5)
  4 dart slugs
  4 orcs
  3 bats (D:2)
  9 endoplasms
  A giant cockroach (D:2)
  11 goblins
  10 hobgoblins
  7 kobolds
  2 quokkas
  8 ball pythons
  2 frilled lizards (D:1)
  8 rats
95 creatures vanquished.

Notes
Turn   | Place    | Note
-------+----------+-------------------------------------------
     0 | D:1      | Graphine the Draconian Air Elementalist began the quest for
                  | the Orb.
     0 | D:1      | Reached XP level 1. HP: 14/14 MP: 3/3
   418 | D:1      | Reached XP level 2. HP: 20/20 MP: 0/5
  1322 | D:2      | Reached XP level 3. HP: 27/27 MP: 0/6
  1401 | D:2      | Reached skill level 1 in Fighting
  2015 | D:2      | Learned a level 2 spell: Static Discharge
  2444 | D:3      | Reached XP level 4. HP: 35/35 MP: 4/7
  2489 | D:3      | Learned a level 4 spell: Airstrike
  2585 | D:3      | Gained mutation: You have a pair of small antennae on your
                  | head. [potion of mutation]
  2585 | D:3      | Gained mutation: You have hidden genetic defects. [potion
                  | of mutation]
  2585 | D:3      | Gained mutation: You are agile. (Dex +4, Str/Int -1)
                  | [potion of mutation]
  2586 | D:3      | Lost mutation: You are agile. (Dex +4, Str/Int -1) [potion
                  | of mutation]
  2586 | D:3      | Lost mutation: You have hidden genetic defects. [potion of
                  | mutation]
  2586 | D:3      | Lost mutation: You have a pair of small antennae on your
                  | head. [potion of mutation]
  2586 | D:3      | Gained mutation: You are frail. (-10% HP) [potion of
                  | mutation]
  2586 | D:3      | Gained mutation: You are dopey. (Int -2) [potion of
                  | mutation]
  2723 | D:3      | Found Zuqa's Weapon Emporium.
  2958 | D:3      | Got Qozxedgh's Compendium of Metamorphic Phlogiston
  3091 | D:4      | Noticed a phantom
  3113 | D:4      | Killed a phantom
  3114 | D:4      | Reached XP level 5. HP: 24/36 MP: 0/8
  3453 | D:4      | Noticed a black bear
  3460 | D:4      | Killed a black bear
  3461 | D:4      | Reached XP level 6. HP: 42/43 MP: 1/10
  3744 | D:4      | Learned a level 3 spell: Swiftness
  3805 | D:4      | Noticed Edmund
  3850 | D:4      | Killed Edmund
  4138 | D:5      | Entered Level 5 of the Dungeon
  4319 | D:5      | Your scales start taking on an icy white colour.
  4319 | D:5      | Reached XP level 7. HP: 22/50 MP: 1/11
  4319 | D:5      | Gained mutation: Your flesh is cold resistant. (rC+) [White
                  | Draconian growth]
  4425 | D:5      | Reached skill level 5 in Air Magic
  4650 | D:5      | Noticed Eustachio
  4687 | D:5      | Killed Eustachio
  5012 | D:5      | Reached XP level 8. HP: 56/56 MP: 4/13
  5158 | D:5      | Reached skill level 5 in Conjurations
  5160 | Abyss:2  | Cast into level 2 of the Abyss (gnoll sergeant)
  5188 | Abyss:2  | Noticed a large abomination
  5223 | Abyss:3  | Noticed a thrashing horror
  5223 | Abyss:3  | Noticed a green death
  5227 | Abyss:3  | Noticed a white draconian
  5228 | Abyss:3  | Noticed a wretched star
  5232 | Abyss:3  | Killed from afar by a wretched star

Illustrated notes

Levels and vault maps discovered:
D:1:      dpeg_arrival_arbitrary_c, layout_basic
D:2:      layout_basic, hex_intersection, grunt_ministairs_7,
          guppyfry_early_lair_pool
D:3:      layout_rooms, serial_shops, nicolae_shop_tiny_waterfront
D:4:      layout_loops_ring, nicolae_concentric_dashed_squares_mild, uniq_edmund
D:5:      layout_loops_ring, minmay_misc_feat_chi, hangedman_minor_gate_pass,
          uniq_eustachio, uniq_blork_the_orc
Abyss:3:  base: D:1, hangedman_cross_veins

Skill      XL: |  1  2  3  4  5  6  7  8 |
---------------+-------------------------+-----
Dodging        | 2 3 |  3.6
Fighting       | 1 2 3 |  3.5
Conjurations   | 2 3 4 5 |  5.0
Air Magic      | 4 5 |  5.8
Spellcasting   | 3 |  3.6
Stealth        | |  1.7

Action                     |  1- 3 |  4- 6 |  7- 9 || total
---------------------------+-------+-------+-------++-------
  Melee: Unarmed           |     6 |       |       ||     6
         Tailslap          |     5 |    13 |     6 ||    24
         Punch             |     1 |       |       ||     1
         Dagger            |    32 |    63 |       ||    95
         Flail             |       |    19 |    50 ||    69
  Throw: Dart              |       |       |     1 ||     1
   Cast: Shock             |    65 |    45 |    16 ||   126
         Static Discharge  |       |    24 |     5 ||    29
         Airstrike         |       |     2 |    11 ||    13
         Swiftness         |       |     2 |     2 ||     4
Ability: Breathe Frost     |       |       |     1 ||     1
    Use: Scroll            |     8 |     7 |       ||    15
         Potion            |       |     4 |     1 ||     5
   Stab: Sleeping          |     2 |     1 |       ||     3
         Distracted        |       |     1 |       ||     1
 Armour: Skin              |     6 |    34 |    49 ||    89
  Dodge: Dodged            |    24 |    64 |    73 ||   161
